 Dungeon Crawl Stone Soup version 0.30.1-11-g7821555f0a (webtiles) character file.

Game seed: 7699368568148313967

2935 jtron the Summoner (level 9, 0/49 HPs)
             Began as a Tengu Summoner on Nov 26, 2023.
             Was a Believer of Sif Muna.
             Slain by a vampire (7 damage)
             ... on level 8 of the Dungeon on Nov 27, 2023.
             The game lasted 00:43:08 (10859 turns).

jtron the Summoner (Tengu Summoner)                Turns: 10859, Time: 00:43:08

Health: 0/49       AC:  8    Str: 15    XL:     9   Next: 80%
Magic:  21/21      EV: 15    Int: 20    God:    Sif Muna [**....]
Gold:   353        SH:  0    Dex: 14    Spells: 5/23 levels left

rFire   . . .        a - +6 spear (flame)
rCold   . . .        x - +0 buckler {AC+3}
rNeg    . . .        F - +0 steam dragon scales
rPois   .            (helmet restricted)
rElec   .            (no cloak)
rCorr   .            (no gloves)
SInv    .            (boots unavailable)
Will    .....        (no amulet)
Stlth   +            s - +6 ring of strength
HPRegen 0.28/turn    t - ring of wizardry
MPRegen 0.17/turn

%: wizardry (x1)
@: confused, ambrosia-drunk, flying quickly and evasively, quick
A: beak, talons 3, nimble flight
a: Renounce Religion, Channel Magic


You were on level 8 of the Dungeon.
You worshipped Sif Muna.
Sif Muna was pleased with you.
You visited 2 branches of the dungeon, and saw 9 of its levels.
You also visited: Bailey.

You collected 353 gold pieces.

Inventory:

Hand Weapons
 a - a +6 spear of flaming (weapon)
 b - a +1 sling
 E - a +2 dagger of electrocution
Missiles
 c - 2 javelins (quivered)
 h - 3 throwing nets
 j - 6 boomerangs
 m - 65 stones
 n - 22 poisoned darts
 y - a curare-tipped dart
Armour
 q - a +0 troll leather armour
 x - a +0 buckler of protection (worn)
 F - +0 steam dragon scales (worn)
Magical Staves
 g - a staff of cold
 p - a staff of poison
 z - a staff of earth
Jewellery
 e - an amulet of guardian spirit
 k - a ring of willpower
 s - a +6 ring of strength (left hand)
 t - a ring of wizardry (right hand)
 C - a ring of protection from cold
 D - the amulet of Elemental Vulnerability {rPois rF-- rC-- AC+8}
   (You took it off an orc priest on level 6 of the Dungeon)

   [amulet of nothing]

   AC:        It affects your AC (+8).
   rF:        It makes you very vulnerable to fire.
   rC:        It makes you very vulnerable to cold.
   rPois:     It protects you from poison.
Wands
 d - a wand of roots (12)
 u - a wand of flame (68)
 w - a wand of paralysis (28)
 G - a wand of polymorph (13)
Scrolls
 r - 2 scrolls of amnesia
Potions
 f - 3 potions of magic
 i - 2 potions of attraction
 l - a potion of flight
 v - a potion of cancellation
 A - a potion of mutation
 B - 2 potions of curing


   Skills:
 + Level 2.4 Fighting
 + Level 1.1 Short Blades
 + Level 4.5 Polearms
 + Level 1.0 Ranged Weapons
 + Level 0.6 Throwing
 + Level 3.5 Dodging
 - Level 4.0 Stealth
 - Level 3.0 Shields
 + Level 0.3 Unarmed Combat
 + Level 7.9 Spellcasting
 - Level 8.0 Summonings
 + Level 3.3 Air Magic
 * Level 0.5 Earth Magic
 + Level 2.0 Invocations
 + Level 1.2 Evocations


You had 5 spell levels left.
You knew the following spells:

 Your Spells              Type           Power      Damage    Failure   Level
a - Summon Small Mammal   Summ           100%       N/A       1%          1
b - Call Canine Familiar  Summ           39%        N/A       1%          3
c - Call Imp              Summ           78%        N/A       1%          2
d - Summon Lightning Spi  Summ/Air       30%        N/A       4%          4
e - Passwall              Tmut/Erth      6%         N/A       6%          2
f - Stone Arrow           Conj/Erth      16%        3d8       12%         3
g - Summon Guardian Gole  Hex/Summ       23%        N/A       2%          3

Your spell library contained the following spells:

 Spells                   Type           Power      Damage    Failure   Level
 Sandblast                Erth           20%        2d7       3%          1
 Vhi's Electric Charge    Tloc/Air       28%        N/A       7%          3
 Anguish                  Hex/Necr       3%         N/A       41%         4
 Cause Fear               Hex            3%         N/A       41%         4
 Arcjolt                  Conj/Air       7%         1d17      52%         5
 Plasma Beam              Fire/Air       7%         2x1d19    96%         6
 Enfeeble                 Hex            3%         N/A       100%        7


Dungeon Overview and Level Annotations

Branches:
Dungeon (8/15)             Temple (1/1) D:5          Bailey (visited)
   Lair: D:8-11

Altars:
Ashenzari
Cheibriados
Dithmenos
Elyvilon
Fedhas
Gozag
Hepliaklqana
Kikubaaqudgha
Makhleb
Nemelex Xobeh
Okawaru
Qazlal
Ru
Sif Muna
Trog
Uskayaw
Vehumet
Wu Jian
Xom
Zin
The Shining One

Shops:
D:1 [   D:4 !   D:6 :

Portals:
Abyss: D:3

Annotations:
D:3 2 transporters, comborobin's ghost, weakling MiDe
D:5 1 runed translucent door, Crazy Yiuf


Innate Abilities, Weirdness & Mutations

You have a beak for a mouth.
You have claws for feet.
Your magical nature lets you fly swiftly and evasively.


Message History

Casting: Summon Lightning Spire (dangerous; 4% risk of failure)
Confirm with . or Enter, or press ? or * to list all spells.
The centaur shoots an arrow.
The arrow barely misses your hound. You block the arrow.
Something hits you but does no damage. Something bites you.
Something draws strength from your injuries!
The centaur shoots an arrow.
The arrow hits your hound!
You barely miss something. Your kick misses something.
The centaur shoots an arrow.
The arrow hits your hound!
Your hound dies!
Your hound's corpse disappears in a puff of smoke!
Something hits you. Something barely misses you.
You hit something but do no damage.
The centaur shoots an arrow.
Something hits you! Something barely misses you.
You closely miss something. Your peck misses something.
A yak comes into view.
You block something's attack. Something bites you!
Something draws strength from your injuries!
You hit something but do no damage. Your kick misses something.
Your peck misses something.
The centaur shoots an arrow.
The arrow barely misses you.
A wight comes into view. It is wielding a +0 dagger.
Something hits you but does no damage. Something bites you but does no damage.
Okay, then.
Okay, then.
It was a potion of ambrosia.
You are confused.
You feel invigorated. Something hits you. Something barely misses you.
The centaur shoots an arrow.
The arrow hits you!
* * * LOW HITPOINT WARNING * * *
The centaur shoots an arrow.
Something hits you!
* * * LOW HITPOINT WARNING * * *
Something bites you.
* * * LOW HITPOINT WARNING * * *
Something draws strength from your injuries!
You are too injured to fight recklessly!
Something hits you.
* * * LOW HITPOINT WARNING * * *
Something bites you!
You die...

### ###########.#*
...........#.#* #######
#########.###.#######.....#
...8...#.## ##..@{.cYz###.#***
######.##.###.####..###..$...#**
#.###.#.## #.##...###.V..#* #.#
##†## *##^.≈##*,,###~..
#.####.###**,...**,,,,,,**..
#.##.....#*,~..##,,****,,**,
##.##.#.###,,,~##^,**,,**,,**
#....#..# *~,,,*,,**~,,~**,,*
##.##.### *,~~,*8,*,,**,,*,8*


You could see a yak, a centaur and a wight.

Vanquished Creatures
  A wyvern (D:8)
  A steam dragon (D:7)
  A water moccasin (D:6)
  A centaur (D:8)
  A sky beast (D:7)
  A kobold brigand (D:6)
  4 bullfrogs
  2 wights (D:8)
  A jelly (D:6)
  An orc priest (D:6)
  A hound (D:5)
  2 iguanas
  3 orc wizards
  4 gnolls
  4 adders
  A shadow imp (D:5)
  A dart slug (D:4)
  12 orcs
  9 ball pythons
  6 endoplasms
  2 giant cockroaches (D:4)
  9 goblins
  8 hobgoblins
  2 jackals (D:1)
  7 kobolds
  2 quokkas
  11 bats
  A frilled lizard (D:2)
  3 rats
102 creatures vanquished.

Vanquished Creatures (collateral kills)
  Psyche (D:8)
  A troll (D:8)
  An orc warrior (D:8)
  A kobold brigand (D:6)
  A scorpion (D:6)
  5 wights
  2 howler monkeys (D:8)
  A gnoll bouda (D:5)
  2 hounds
  5 orc priests
  2 sleepcaps
  An iguana (D:5)
  An orc wizard (D:5)
  Robin (D:2)
  6 gnolls
  6 adders
  A white imp (D:5)
  2 worms
  A dart slug (D:1)
  13 orcs
  2 ball pythons
  A bat (D:1)
  2 endoplasms
  8 goblins
  6 hobgoblins
  11 kobolds
  3 rats
87 creatures vanquished.

Grand Total: 189 creatures vanquished

Notes
Turn   | Place    | Note
-------+----------+-------------------------------------------
     0 | D:1      | jtron the Tengu Summoner began the quest for the Orb.
     0 | D:1      | Reached XP level 1. HP: 10/10 MP: 4/4
   232 | D:1      | Reached skill level 5 in Summonings
   404 | D:1      | Reached XP level 2. HP: 15/15 MP: 6/6
   404 | D:1      | Found a faded altar of an unknown god.
   412 | D:1      | Found Neter's Armour Boutique.
  1307 | D:1      | Reached skill level 1 in Ranged Weapons
  1307 | D:1      | Reached XP level 3. HP: 18/19 MP: 3/7
  1311 | D:1      | Learned a level 3 spell: Call Canine Familiar
  1723 | D:2      | Reached skill level 1 in Short Blades
  1723 | D:2      | Reached XP level 4. HP: 24/24 MP: 1/9
  1882 | D:2      | Noticed Robin
  1909 | D:2      | Killed Robin
  2103 | D:2      | Found a hide-covered altar of Uskayaw.
  2715 | D:3      | Gained mutation: Your magical nature lets you fly swiftly
                  | and evasively. [Tengu growth]
  2715 | D:3      | Reached XP level 5. HP: 26/28 MP: 11/11
  3251 | D:3      | Found an iron altar of Okawaru.
  3321 | D:3      | Found a one-way gate to the infinite horrors of the Abyss.
  3321 | D:3      | Noticed comborobin's ghost (weakling MiDe)
  3327 | D:3      | Found a transporter.
  3337 | D:3      | Reached skill level 1 in Polearms
  3346 | D:3      | Noticed a small abomination
  3430 | D:3      | Found a transporter.
  3451 | D:3      | Reached XP level 6. HP: 18/33 MP: 10/13
  4143 | D:4      | Learned a level 2 spell: Call Imp
  4147 | D:4      | Learned a level 3 spell: Summon Guardian Golem
  4152 | D:4      | Learned a level 4 spell: Summon Lightning Spire
  4252 | D:4      | Noticed a black bear
  4544 | D:4      | Found Qyqusou's Distillery.
  5350 | D:5      | Entered Level 5 of the Dungeon
  5415 | D:5      | Reached skill level 1 in Evocations
  5431 | D:5      | Reached skill level 1 in Fighting
  5445 | D:5      | Reached XP level 7. HP: 31/38 MP: 8/14
  5539 | D:5      | Found a hide-covered altar of Uskayaw.
  5675 | D:5      | Found a staircase to the Ecumenical Temple.
  5697 | D:5      | Found a runed translucent door.
  5698 | D:5      | Noticed Crazy Yiuf
  5731 | Temple   | Entered the Ecumenical Temple
  5731 | Temple   | Found a transporter.
  5731 | Temple   | Found a transporter.
  5733 | Temple   | Found a transporter.
  5733 | Temple   | Found a transporter.
  5758 | Temple   | Became a worshipper of Sif Muna the Loreminder
  5892 | D:5      | Reached skill level 5 in Spellcasting
  6480 | D:5      | Found an ornate altar of the Wu Jian Council.
  7262 | D:6      | Found Fyl Mot's Self-Improvement Boutique.
  7436 | D:6      | Reached XP level 8. HP: 30/44 MP: 9/18
  7437 | D:6      | Reached * piety under Sif Muna
  7795 | D:6      | Reached skill level 6 in Summonings
  7925 | D:6      | Noticed a yak
  7952 | D:6      | Noticed a yak
  7953 | D:6      | Noticed a yak
  7956 | D:6      | Noticed a yak
  7975 | D:6      | Noticed a yak
  8585 | D:7      | Found an ancient bone altar of Kikubaaqudgha.
  8625 | D:7      | Reached skill level 1 in Air Magic
  9121 | D:7      | Reached skill level 1 in Shields
  9180 | D:7      | Reached skill level 7 in Summonings
  9187 | D:7      | Reached XP level 9. HP: 48/48 MP: 16/20
  9647 | D:8      | Noticed Psyche
  9800 | D:8      | Reached ** piety under Sif Muna
  9810 | D:8      | Killed Psyche
  9811 | D:8      | Reached skill level 1 in Invocations
 10057 | D:8      | Found a flagged portal.
 10075 | Bailey   | Entered a bailey
 10190 | D:8      | Noticed a troll
 10237 | D:8      | Killed a troll
 10415 | D:8      | Reached skill level 8 in Summonings
 10575 | D:8      | Learned a level 2 spell: Passwall
 10579 | D:8      | Learned a level 3 spell: Stone Arrow
 10859 | D:8      | Slain by a vampire

Illustrated notes

Levels and vault maps discovered:
D:1:      sevenhm_arrival_forest_fort_large_3, layout_basic, serial_shops, shop,
          shapermc_ecumenical_altar_totnotflames, minmay_tripent
D:2:      layout_basic, basic_altar, uniq_robin
D:3:      layout_basic, okawaru_ov_weapons_minmay,
          gammafunk_ghost_abyssal_escape
D:4:      layout_basic, serial_shops, shop, minmay_ruptured
D:5:      layout_basic, mainiacjoe_overflow_boulevard,
          nzn_wu_jian_contemplation, minmay_temple_entry_gardened_gates,
          minmay_checkerbox, uniq_crazy_yiuf_cottage
D:6:      kennysheep_windowed_halls, layout_loops_corners,
          nicolae_shop_self_help
D:7:      layout_loops_ring, lemuel_round_altar, grunt_decor_cap
D:8:      layout_loops_ring, enter_bailey_3, nzn_random_ring, uniq_psyche
Temple:   hellmonk_temple_divided_pantheon

Skill      XL: |  1  2  3  4  5  6  7  8  9 |
---------------+----------------------------+-----
Summonings     | 5 7 8 |  8.0
Ranged Weapons | 1 |  1.0
Spellcasting   | 3 4 6 7 |  7.9
Short Blades   | 1 |  1.1
Stealth        | 3 4 |  4.0
Polearms       | 1 3 4 |  4.5
Dodging        | 3 |  3.5
Evocations     | 1 |  1.2
Fighting       | 1 2 |  2.4
Air Magic      | 2 3 |  3.3
Shields        | 1 3 |  3.0
Invocations    | 2 |  2.0
Throwing       | |  0.6
Unarmed Combat | |  0.3
Earth Magic    | |  0.5

Action                     |  1- 3 |  4- 6 |  7- 9 || total
---------------------------+-------+-------+-------++-------
  Melee: Unarmed           |     5 |       |       ||     5
         Peck              |     5 |    14 |     9 ||    28
         Short sword       |    23 |    36 |       ||    59
         Kick              |     4 |    23 |    24 ||    51
         Dagger            |     2 |       |       ||     2
         Spear             |       |    87 |   135 ||   222
   Fire: Sling             |     6 |       |       ||     6
  Throw: Javelin           |     4 |     4 |     3 ||    11
   Cast: Summon Small Mamm |    31 |    25 |    26 ||    82
         Call Canine Famil |     5 |    22 |    33 ||    60
         Call Imp          |       |     5 |    25 ||    30
         Summon Lightning  |       |       |     9 ||     9
         Passwall          |       |       |     1 ||     1
  Evoke: Wand              |       |       |    10 ||    10
    Use: Scroll            |     6 |     1 |    15 ||    22
         Potion            |       |     5 |     6 ||    11
   Stab: Sleeping          |     3 |     9 |     5 ||    17
         Paralysed         |       |       |     3 ||     3
         Distracted        |       |       |     4 ||     4
 Armour: Robe              |     6 |    14 |     8 ||    28
         Skin              |       |    27 |       ||    27
         Steam dragon scal |       |       |    12 ||    12
  Dodge: Dodged            |    39 |    74 |    67 ||   180
  Block: Buckler           |       |       |    15 ||    15
